TOP OF THE 1ST |
---|
Montgomery Grey Sox batting - Pitching for State College Spikes : RHP James Waddell | Pitching: RHP James Waddell | | Batting: LHB Salvador López | 0-0: Ball 1-0: Called Strike 1-1: Ball 2-1: Fly out, F7 (Flyball, 7S) | Batting: RHB Mike Cleveland | 0-0: Hit by Pitch | Batting: RHB Glen MacDonald | 0-0: Ball 1-0: Ball 2-0: Ball 3-0: Called Strike 3-1: Foul Ball, location: 2F 3-2: Strikes out looking | Batting: LHB Amlak Saitoti | 0-0: Foul Ball, location: 2F 0-1: Hit by Pitch Mike Cleveland to second | Batting: LHB Aaron Thompson | 0-0: Ball 1-0: Ball 2-0: Called Strike 2-1: Foul Ball, location: 2F 2-2: Ball 3-2: Foul Ball, location: 2F 3-2: Base on Balls Mike Cleveland to third Amlak Saitoti to second | Batting: RHB Bobby Hulsey | 0-0: Ball 1-0: Ball 2-0: Ball 3-0: Base on Balls Mike Cleveland scores Amlak Saitoti to third Aaron Thompson to second | Batting: LHB Francisco Romo | 0-0: Foul Ball, location: 2F 0-1: Ball 1-1: SINGLE (Groundball, 4MD) Amlak Saitoti scores Aaron Thompson to third Bobby Hulsey to second Runner from 3rd tries for Home, throw and OUT! | Top of the 1st over - 2 runs, 1 hit, 0 errors, 2 left on base; Montgomery 2 - State College 0 | BOTTOM OF THE 1ST |
---|
State College Spikes batting - Pitching for Montgomery Grey Sox : LHP Pete Shirley | Pitching: LHP Pete Shirley | | Batting: RHB Andrew Pinto | 0-0: Called Strike 0-1: SINGLE (Groundball, 34D) | Batting: RHB Victor Gilbert | 0-0: Called Strike 0-1: Ball 1-1: Foul Ball, location: 2F 1-2: Foul Ball, location: 2F 1-2: Foul Ball, location: 2F 1-2: Foul Ball, location: 2F 1-2: Fly out, F8 (Flyball, 89M) | Batting: SHB Patrizio Batistuta | 0-0: Called Strike 0-1: Ball 1-1: Ball Andrew Pinto is caught stealing 2nd base 2-1: Called Strike 2-2: Foul Ball, location: 2F 2-2: Foul Ball, location: 2F 2-2: Strikes out looking | Bottom of the 1st over - 0 runs, 1 hit, 0 errors, 0 left on base; Montgomery 2 - State College 0 | TOP OF THE 2ND |
---|
Montgomery Grey Sox batting - Pitching for State College Spikes : RHP James Waddell | Batting: RHB Ben White | 0-0: Ball 1-0: Ground out 5-3 (Groundball, 56S) | Batting: RHB António Nevárez | 0-0: Ball 1-0: Foul Ball, location: 2F 1-1: Foul Ball, location: 2F 1-2: Foul Ball, location: 2F 1-2: SINGLE (Groundball, 4MD) | Batting: LHB Salvador López | 0-0: Foul Ball, location: 2F 0-1: Fielders Choice at 2nd, 3-6 (Groundball, 3) | Batting: RHB Mike Cleveland | 0-0: Ball Salvador López steals 2nd base 1-0: Called Strike 1-1: Called Strike 1-2: Foul Ball, location: 2F 1-2: SINGLE (Line Drive, 4D) Salvador López to third | Batting: RHB Glen MacDonald | 0-0: Ball 1-0: Foul Ball, location: 2F 1-1: Foul Ball, location: 2F 1-2: Ground out 5-3 (Groundball, 56S) | Top of the 2nd over - 0 runs, 2 hits, 0 errors, 2 left on base; Montgomery 2 - State College 0 | BOTTOM OF THE 2ND |
---|
State College Spikes batting - Pitching for Montgomery Grey Sox : LHP Pete Shirley | Batting: LHB Wilson Turner | 0-0: Fly out, F9 (Flyball, 9LS) | Batting: RHB Ira Ross | 0-0: Ball 1-0: Ball 2-0: Called Strike 2-1: Foul Ball, location: 2F 2-2: Foul Ball, location: 2F 2-2: Ball 3-2: Base on Balls | Batting: RHB Mike Hurt | 0-0: Called Strike 0-1: Ball 1-1: Ball 2-1: Called Strike 2-2: SINGLE (Groundball, 6MD) Ira Ross to second | Batting: LHB Javier Morales | 0-0: Ball 1-0: Ball 2-0: Fly out, F8 (Flyball, 8RM) | Batting: RHB José Maldonado | 0-0: Swinging Strike 0-1: Foul Ball, location: 2F 0-2: Ball 1-2: Ball 2-2: Fly out, F3 (Popup, 3) | Bottom of the 2nd over - 0 runs, 1 hit, 0 errors, 2 left on base; Montgomery 2 - State College 0 | TOP OF THE 3RD |
---|
Montgomery Grey Sox batting - Pitching for State College Spikes : RHP James Waddell | Batting: LHB Amlak Saitoti | 0-0: Ball 1-0: Ball 2-0: Ball 3-0: Called Strike 3-1: Swinging Strike 3-2: Base on Balls | Batting: LHB Aaron Thompson | 0-0: Called Strike 0-1: Ball 1-1: Ball 2-1: Swinging Strike 2-2: Foul Ball, location: 2F 2-2: Ball 3-2: Ground out 4-3 (Groundball, 4) Amlak Saitoti to second | Batting: RHB Bobby Hulsey | 0-0: Called Strike 0-1: Called Strike 0-2: Strikes out swinging | Batting: LHB Francisco Romo | 0-0: Called Strike 0-1: Foul Ball, location: 2F 0-2: Ball 1-2: Ground out 4-3 (Groundball, 4) | Top of the 3rd over - 0 runs, 0 hits, 0 errors, 1 left on base; Montgomery 2 - State College 0 | BOTTOM OF THE 3RD |
---|
State College Spikes batting - Pitching for Montgomery Grey Sox : LHP Pete Shirley | Batting: RHB Sergio Serrano | 0-0: Ball 1-0: Ball 2-0: Ball 3-0: Base on Balls | Batting: RHB Andrew Pinto | 0-0: Swinging Strike 0-1: Swinging Strike 0-2: Ball 1-2: Strikes out swinging | Batting: RHB Victor Gilbert | 0-0: Called Strike 0-1: Ball 1-1: Ball 2-1: Foul Ball, location: 2F 2-2: Strikes out swinging | Batting: SHB Patrizio Batistuta | 0-0: Ball 1-0: Called Strike 1-1: Ground out 5-3 (Groundball, 56S) | Bottom of the 3rd over - 0 runs, 0 hits, 0 errors, 1 left on base; Montgomery 2 - State College 0 | TOP OF THE 4TH |
---|
Montgomery Grey Sox batting - Pitching for State College Spikes : RHP James Waddell | Batting: RHB Ben White | 0-0: Called Strike 0-1: Ball 1-1: Foul Ball, location: 2F 1-2: Ball 2-2: Ball 3-2: Foul Ball, location: 2F 3-2: Base on Balls | Pitching: LHP José Deleón | | Batting: RHB António Nevárez | 0-0: Ball 1-0: Called Strike 1-1: Swinging Strike 1-2: Ball 2-2: Ball 3-2: Strikes out looking | Batting: LHB Salvador López | 0-0: Ball 1-0: Foul Ball, location: 2F 1-1: Swinging Strike 1-2: Ground out 4-3 (Groundball, 4MD) Ben White to second | Batting: RHB Mike Cleveland | 0-0: Ball 1-0: Ball 2-0: Foul Ball, location: 2F 2-1: Ball 3-1: Base on Balls | Batting: RHB Glen MacDonald | 0-0: Ball 1-0: Ball 2-0: Called Strike 2-1: Foul Ball, location: 2F 2-2: Ground out 4-3 (Groundball, 4) | Top of the 4th over - 0 runs, 0 hits, 0 errors, 2 left on base; Montgomery 2 - State College 0 | BOTTOM OF THE 4TH |
---|
State College Spikes batting - Pitching for Montgomery Grey Sox : LHP Pete Shirley | Batting: LHB Wilson Turner | 0-0: Ball 1-0: Ball 2-0: Called Strike 2-1: Ball 3-1: Base on Balls | Batting: RHB Ira Ross | 0-0: Ball 1-0: Called Strike 1-1: Ball 2-1: Foul Ball, location: 2F 2-2: SINGLE (Flyball, 9S) Wilson Turner to second Runner from 2nd tries for 3rd, SAFE, no throw | Batting: RHB Mike Hurt | 0-0: Ball 1-0: Fly out, F7 (Flyball, 78S) Runner from 3rd tags up, SCORES, throw made | Batting: LHB Javier Morales | 0-0: DOUBLE (Line Drive, 9LM) Ira Ross to third Runner from 3rd tries for Home, SAFE, no throw | Batting: RHB José Maldonado | 0-0: Called Strike 0-1: Ball 1-1: Foul Ball, location: 2F 1-2: Foul Ball, location: 2F 1-2: Fly out, F3 (Line Drive, 34) | Batting: RHB Sergio Serrano | 0-0: Called Strike 0-1: Swinging Strike 0-2: SINGLE (Groundball, 56D) Javier Morales to third Runner from 3rd tries for Home, SAFE, no throw | Batting: RHB Andrew Pinto | 0-0: Ball 1-0: Foul Ball, location: 2F 1-1: Foul Ball, location: 2F 1-2: SINGLE (Groundball, 34D) Sergio Serrano to second Runner from 2nd tries for 3rd, SAFE, no throw | Batting: RHB Victor Gilbert | 0-0: Swinging Strike 0-1: Ground out 6-3 (Groundball, 6M) | Bottom of the 4th over - 3 runs, 4 hits, 0 errors, 2 left on base; Montgomery 2 - State College 3 | TOP OF THE 5TH |
---|
Montgomery Grey Sox batting - Pitching for State College Spikes : LHP José Deleón | Batting: LHB Amlak Saitoti | 0-0: Ball 1-0: Foul Ball, location: 2F 1-1: Called Strike 1-2: Fly out, F3 (Flyball, 3D) | Batting: LHB Aaron Thompson | 0-0: Ball 1-0: Called Strike 1-1: Foul Ball, location: 2F 1-2: Strikes out swinging | Batting: RHB Bobby Hulsey | 0-0: Ground out 3-1 (Groundball, 2R) | Top of the 5th over - 0 runs, 0 hits, 0 errors, 0 left on base; Montgomery 2 - State College 3 | BOTTOM OF THE 5TH |
---|
State College Spikes batting - Pitching for Montgomery Grey Sox : LHP Pete Shirley | Batting: SHB Patrizio Batistuta | 0-0: Ball 1-0: Foul Ball, location: 2F 1-1: Foul Ball, location: 2F 1-2: Strikes out swinging | Batting: LHB Wilson Turner | 0-0: Swinging Strike 0-1: Ball 1-1: Fly out, F8 (Flyball, 8LD) | Batting: RHB Ira Ross | 0-0: Ball 1-0: Ball 2-0: Swinging Strike 2-1: Called Strike 2-2: Strikes out swinging | Bottom of the 5th over - 0 runs, 0 hits, 0 errors, 0 left on base; Montgomery 2 - State College 3 | TOP OF THE 6TH |
---|
Montgomery Grey Sox batting - Pitching for State College Spikes : LHP José Deleón | Batting: LHB Francisco Romo | 0-0: Ball 1-0: Swinging Strike 1-1: Ball 2-1: Ball 3-1: Foul Ball, location: 2F 3-2: Foul Ball, location: 2F 3-2: Foul Ball, location: 2F 3-2: Foul Ball, location: 2F 3-2: Foul Ball, location: 2F 3-2: Base on Balls | Batting: RHB Ben White | 0-0: Called Strike 0-1: Foul Ball, location: 2F 0-2: Foul Ball, location: 2F 0-2: Ball 1-2: Strikes out swinging | Batting: RHB António Nevárez | 0-0: Foul Ball, location: 2F 0-1: Ball 1-1: Ball 2-1: Called Strike 2-2: Grounds into double play, 6-4-3 (Groundball, 6) | Top of the 6th over - 0 runs, 0 hits, 0 errors, 0 left on base; Montgomery 2 - State College 3 | BOTTOM OF THE 6TH |
---|
State College Spikes batting - Pitching for Montgomery Grey Sox : LHP Pete Shirley | Batting: RHB Mike Hurt | 0-0: Foul Ball, location: 2F 0-1: Ball 1-1: Ball 2-1: Called Strike 2-2: Fly out, F9 (Flyball, 89S) | Batting: LHB Javier Morales | 0-0: Ball 1-0: Ball 2-0: Called Strike 2-1: DOUBLE (Line Drive, 9LM) | Pitching: RHP Jorge Cherena | | Batting: RHB José Maldonado | 0-0: Called Strike 0-1: Foul Ball, location: 2F 0-2: Ground out 4-3 (Groundball, 4) Javier Morales to third | Batting: RHB Sergio Serrano | 0-0: Ball 1-0: Ball 2-0: Fly out, F8 (Flyball, 89D) | Bottom of the 6th over - 0 runs, 1 hit, 0 errors, 1 left on base; Montgomery 2 - State College 3 | TOP OF THE 7TH |
---|
Montgomery Grey Sox batting - Pitching for State College Spikes : LHP José Deleón | Batting: LHB Salvador López | 0-0: Ball 1-0: Swinging Strike 1-1: Called Strike 1-2: Fly out, F7 (Flyball, 7LDF) | Batting: RHB Mike Cleveland | 0-0: Ball 1-0: Called Strike 1-1: Ball 2-1: Ground out 6-3 (Groundball, 6) | Batting: RHB Glen MacDonald | 0-0: Ball 1-0: Ball 2-0: Ball 3-0: Called Strike 3-1: Base on Balls | Pinch Hitting: RHB Lawrence Davidson | 0-0: Called Strike 0-1: Ball 1-1: Ball 2-1: Ground out 4-3 (Groundball, 4D) | Top of the 7th over - 0 runs, 0 hits, 0 errors, 1 left on base; Montgomery 2 - State College 3 | BOTTOM OF THE 7TH |
---|
State College Spikes batting - Pitching for Montgomery Grey Sox : RHP Jorge Cherena | Now at SS: Joe LaFontaine | | Batting: RHB Andrew Pinto | 0-0: Called Strike 0-1: Ground out 5-3 (Groundball, 5S) | Batting: RHB Victor Gilbert | 0-0: Called Strike 0-1: DOUBLE (Line Drive, 78D) | Batting: SHB Patrizio Batistuta | 0-0: Called Strike 0-1: Foul Ball, location: 2F 0-2: Foul Ball, location: 2F 0-2: Ball 1-2: Ground out 5-3 (Groundball, 56S) Victor Gilbert to third | Batting: LHB Wilson Turner | 0-0: SINGLE (Line Drive, 78S) Victor Gilbert scores | Batting: RHB Ira Ross | 0-0: Ball Wilson Turner steals 2nd base 1-0: Foul Ball, location: 2F 1-1: Foul Ball, location: 2F 1-2: Ball 2-2: Strikes out looking | Bottom of the 7th over - 1 run, 2 hits, 0 errors, 1 left on base; Montgomery 2 - State College 4 | TOP OF THE 8TH |
---|
Montgomery Grey Sox batting - Pitching for State College Spikes : LHP José Deleón | Batting: LHB Aaron Thompson | 0-0: Ball 1-0: Called Strike 1-1: Ground out 3-1 (Groundball, 34S) | Batting: RHB Bobby Hulsey | 0-0: Called Strike 0-1: Called Strike 0-2: Ball 1-2: Strikes out swinging | Batting: LHB Francisco Romo | 0-0: Foul Ball, location: 2F 0-1: Ball 1-1: Ball 2-1: SINGLE (Groundball, 4D) | Pitching: RHP Nelson Rivera | | Batting: RHB Ben White | 0-0: Fly out, F8 (Line Drive, 8LS) | Top of the 8th over - 0 runs, 1 hit, 0 errors, 1 left on base; Montgomery 2 - State College 4 | BOTTOM OF THE 8TH |
---|
State College Spikes batting - Pitching for Montgomery Grey Sox : RHP Jorge Cherena | Batting: RHB Mike Hurt | 0-0: Ball 1-0: Foul Ball, location: 2F 1-1: Ball 2-1: Foul Ball, location: 2F 2-2: Strikes out looking | Batting: LHB Javier Morales | 0-0: Swinging Strike 0-1: Ball 1-1: Ball 2-1: SOLO HOME RUN (Flyball, 9LD), Distance : 324 ft | Batting: RHB José Maldonado | 0-0: Called Strike 0-1: Called Strike 0-2: Strikes out looking | Batting: RHB Sergio Serrano | 0-0: Ball 1-0: Ball 2-0: SINGLE (Groundball, 56) (infield hit) | Batting: RHB Andrew Pinto | 0-0: Called Strike 0-1: Swinging Strike 0-2: SINGLE (Flyball, 7LM) Sergio Serrano to second | Pitching: RHP Cody Nichols | | Batting: RHB Victor Gilbert | 0-0: Ground out 5-3 (Groundball, 56S) | Bottom of the 8th over - 1 run, 3 hits, 0 errors, 2 left on base; Montgomery 2 - State College 5 | TOP OF THE 9TH |
---|
Montgomery Grey Sox batting - Pitching for State College Spikes : RHP Nelson Rivera | Batting: RHB António Nevárez | 0-0: Ball 1-0: Ground out 4-3 (Groundball, 4) | Batting: LHB Salvador López | 0-0: Fly out, F4 (Line Drive, 4) | Batting: RHB Mike Cleveland | 0-0: Called Strike 0-1: Foul Ball, location: 2F 0-2: Ball 1-2: Strikes out swinging | Top of the 9th over - 0 runs, 0 hits, 0 errors, 0 left on base; Montgomery 2 - State College 5 | |